 Dungeon Crawl Stone Soup version 0.30-a0-722-g3e6e8c874d (webtiles) character file.

Game seed: 14440087099486045771

44 hbarley the Changer (level 3, 0/27 HPs)
             Began as a Ghoul Wanderer on Jan 27, 2023.
             Slain by a ball python (3 damage)
             ... on level 2 of the Dungeon on Jan 28, 2023.
             The game lasted 00:06:05 (979 turns).

hbarley the Changer (Ghoul Wanderer)                 Turns: 979, Time: 00:06:06

Health: 0/27       AC:  5    Str: 14    XL:     3   Next: 60%
Magic:  3/3        EV:  7    Int: 10    God:
Gold:   59         SH:  0    Dex:  8    Spells: 4/4 levels left

rFire   . . .      SeeInvis .      - Unarmed
rCold   + . .      Faith    .    (no shield)
rNeg    + + +      Spirit   .    e - +0 ring mail
rPois   ∞          Reflect  .    (no helmet)
rElec   .          Harm     .    (no cloak)
rCorr   .          Rampage  .    (no gloves)
Will    .....                    (no boots) Stlth
                                 (no amulet)
HPRegen 0.00/turn                (no ring)
MPRegen 0.08/turn                (no ring)

@: inhibited regen, constricted
A: claws 1, cold resistance 1, negative energy resistance 3, inhibited
regeneration, torment resistance 2, devour on kill
a: no special abilities


You were on level 2 of the Dungeon.
You visited 1 branch of the dungeon, and saw 2 of its levels.

You collected 59 gold pieces.

Inventory:

Hand Weapons
 a - a +0 dagger
Missiles
 b - 10 poisoned darts (quivered)
Armour
 d - a +0 leather armour
 e - a +0 ring mail (worn)
Scrolls
 c - 2 scrolls of fear
 g - a scroll of teleportation {unknown}
 i - 2 scrolls of poison {unknown}
 j - 2 scrolls of identify {unknown}
 k - a scroll of immolation {unknown}
 l - 2 scrolls of amnesia {unknown}
Potions
 f - a potion of invisibility {unknown}
 h - a potion of heal wounds {unknown}


   Skills:
 + Level 0.3 Fighting
 + Level 2.9 Throwing
 + Level 0.8 Armour
 + Level 0.7 Dodging
 + Level 0.1 Stealth
 * Level 1.8 Unarmed Combat
 + Level 1.0 Spellcasting
 + Level 3.8 Transmutations
 + Level 1.0 Poison Magic
 + Level 1.0 Invocations


You had 4 spell levels left.
You didn't know any spells.
Your spell library contained the following spells:

 Spells                   Type           Power      Damage    Failure   Level
 Sting                    Tmut/Pois      20%        1d4       26%         1
 Passwall                 Tmut/Erth      3%         N/A       43%         2
 Poisonous Vapours        Pois/Air       2%         N/A       65%         2
 Ignite Poison            Fire/Tmut/Pois 3%         N/A       73%         3
 Olgreb's Toxic Radiance  Pois           2%         N/A       99%         4


Dungeon Overview and Level Annotations

Branches:
Dungeon (2/15)

Altars:


Innate Abilities, Weirdness & Mutations

You are immune to poison.
You have sharp fingernails.
Your flesh is cold resistant. (rC+)
You are immune to negative energy. (rN+++)
You do not regenerate when monsters are visible.
You are immune to unholy pain and torment.
You thrive by killing the living.


Message History

The worm is severely wounded.
The worm bites you!
* * * LOW HITPOINT WARNING * * *
You scratch the worm.
The worm is severely wounded.
The worm misses you.
You scratch the worm.
The worm is almost dead.
You scratch the worm.
The worm is almost dead.
The worm closely misses you.
You scratch the worm but do no damage. You claw the worm.
You kill the worm!
You feel better.
You see here a worm corpse.
An adder comes into view.
The adder hisses angrily.
You hear an angry hiss.
A kobold comes into view. It is wielding a +0 whip.
Found a scroll labelled VEINAUNL BIBEA.
A ball python comes into view.
The adder bites you but does no damage.
You scratch the adder.
The adder is heavily wounded.
The adder barely misses you.
The kobold throws a stone.
The stone barely misses you.
You miss the adder.
The adder is heavily wounded.
The adder bites you.
* * * LOW HITPOINT WARNING * * *
You scratch the adder.
You kill the adder!
You barely miss the ball python.
The ball python bites you but does no damage.
The ball python grabs you. The ball python constricts you.
* * * LOW HITPOINT WARNING * * *
The ball python bites you.
* * * LOW HITPOINT WARNING * * *
The ball python constricts you.
You closely miss the ball python. The ball python bites you.
You die...

#.# #.# #.# ##### ..?
..... # #.# ########
.###. #.# #.......
......#S## #.......
#....K.@.########.......
#.....$...†.............
#......###....###.######
#...... ##.......# #..
#...... #...##..# #..
#...... #...###.####..
#...... #...# #.#..+..
#...... #...# #.#.##..
#...# #.#.##..


You could see a ball python and a kobold.

Vanquished Creatures
  An adder (D:2)
  A worm (D:2)
  A dart slug (D:1)
  4 bats (D:1)
  An endoplasm (D:2)
  5 goblins (D:1)
  2 hobgoblins (D:1)
  2 quokkas
  3 ball pythons
  7 frilled lizards (D:1)
  2 kobolds (D:1)
  3 rats (D:1)
32 creatures vanquished.

Notes
Turn   | Place    | Note
-------+----------+-------------------------------------------
     0 | D:1      | hbarley the Ghoul Wanderer began the quest for the Orb.
     0 | D:1      | hbarley set off with the following items: a +0 dagger, 10
                  | poisoned darts, a scroll of fear, a +0 leather armour; and
                  | the following spells available to memorise: Sting,
                  | Passwall, Ignite Poison.
     0 | D:1      | Reached XP level 1. HP: 14/14 MP: 1/1
    73 | D:1      | Reached XP level 2. HP: 15/20 MP: 2/2
   388 | D:1      | Reached skill level 1 in Unarmed Combat
   481 | D:1      | Reached XP level 3. HP: 10/26 MP: 3/3
   979 | D:2      | Slain by a ball python

Illustrated notes

Levels and vault maps discovered:
D:1:      dpeg_arrival_solitude, layout_rooms
D:2:      layout_basic

Skill      XL: |  1  2 |
---------------+-------+-----
Unarmed Combat | 1 |  1.8
Fighting       | |  0.3
Throwing       | |  2.9
Armour         | |  0.8
Dodging        | |  0.7
Stealth        | |  0.1
Spellcasting   | |  1.0
Transmutations | |  3.8
Poison Magic   | |  1.0
Invocations    | |  1.0

Action                     || total
---------------------------++-------
  Melee: Unarmed           ||   111
         Dagger            ||    12
         Punch             ||     3
 Armour: Ring mail         ||    57
  Dodge: Dodged            ||    95

Table legend: (Time is in decaauts)
 A = Elapsed time spent in this place.
 B = Non-inter-level travel time spent in this place.
 C = Inter-level travel time spent in this place.
 D = Time resting spent in this place.
 E = Time spent auto-exploring this place.
 F = Levels seen in this place.
 G = Mean time per level.
                   A        B        C        D        E       F      G
               +--------+--------+--------+--------+--------+-----+--------+
         Total |    976 |    766 |    210 |    122 |    407 |   2 |  488.0 |
       Dungeon |    976 |    766 |    210 |    122 |    407 |   2 |  488.0 |
               +--------+--------+--------+--------+--------+-----+--------+

Top non-repeatable levels by time:
     D:1: 751 daAuts
     D:2: 225 daAuts
